 Dungeon Crawl Stone Soup version 0.20.0-15-g7f486f2 (webtiles) character file.

24 Cqwertzu the Caller (level 3, 0/19 HPs)
             Began as a Tengu Summoner on June 25, 2017.
             Slain by a leopard gecko (4 damage)
             ... on level 2 of the Dungeon.
             The game lasted 00:02:08 (1470 turns).

Cqwertzu the Caller (Tengu Summoner)                Turns: 1470, Time: 00:02:09

Health: 0/19       AC:  3    Str:  8    XL:     3   Next: 2%
Magic:  1/7        EV: 12    Int: 16    God:
Gold:   40         SH:  0    Dex: 14    Spells: 3/6 levels left

rFire    . . .     SeeInvis .   j - +0 short sword
rCold    . . .     Gourm    .   (no shield)
rNeg     . . .     Faith    .   a - +0 robe
rPois    .         Spirit   .   (helmet restricted)
rElec    .         Reflect  .   (no cloak)
rCorr    .         Harm     .   k - +0 pair of gloves
MR       .....                  (boots unavailable)
Stlth    ++........             (no amulet)
Regen    0.1/turn               (no ring)
MPRegen  0.1/turn               (no ring)

@: no status effects
A: beak, talons 3
a: no special abilities


You were on level 2 of the Dungeon.
You were not hungry.

You visited 1 branch of the dungeon, and saw 2 of its levels.

You collected 40 gold pieces.

Inventory:

Hand Weapons
 j - a +0 short sword (weapon)
Armour
 a - a +0 robe (worn)
 k - a +0 pair of gloves (worn)
Potions
 e - 3 potions of magic
 f - 2 potions of brilliance {unknown}
 h - a potion of degeneration {unknown}
Books
 b - a book of Callings

   Spells                             Type                      Level
   a - Summon Small Mammal            Summoning                    1
   b - Call Imp                       Summoning                    2
   c - Call Canine Familiar           Summoning                    3
   d - Summon Guardian Golem          Hexes/Summoning              3
   e - Summon Lightning Spire         Summoning/Air                4
   f - Summon Ice Beast               Ice/Summoning                4
Comestibles
 c - 2 bread rations
 d - 2 fruits


   Skills:
 - Level 2.1 Dodging
 - Level 2.0 Stealth
 - Level 2.0 Spellcasting
 + Level 5.9 Summonings


You had 3 spell levels left.
You knew the following spells:

 Your Spells              Type           Power        Failure   Level  Hunger
a - Summon Small Mammal   Summ           ###.         1%          1    #......
b - Call Imp              Summ           ###.....     2%          2    ###....


Dungeon Overview and Level Annotations

Branches:
Dungeon (2/15)

Altars:


Innate Abilities, Weirdness & Mutations

You have a beak for a mouth.
You have claws for feet.


Message History

Your shadow imp closely misses the leopard gecko.
Your crimson imp blinks!
Your crimson imp hits the leopard gecko.
The leopard gecko bites you.
Your shadow imp barely misses the leopard gecko.
Your crimson imp hits the leopard gecko but does no damage.
The leopard gecko bites you but does no damage.
You hit the leopard gecko but do no damage.
Your kick misses the leopard gecko. Your peck misses the leopard gecko.
The leopard gecko is severely wounded.
The leopard gecko bites you.
* * * LOW HITPOINT WARNING * * *
Your shadow imp barely misses the leopard gecko.
Your crimson imp misses the leopard gecko.
Your crimson imp hits the leopard gecko but does no damage.
The leopard gecko closely misses you.
Your crimson imp closely misses the leopard gecko.
Your shadow imp barely misses the leopard gecko.
The leopard gecko bites you.
You die...

###.###..## ##..# #.#
###.###..## #.#
##..(#.# #.# #####+##
##.# #...## #..##
##.....## #.#.##
##.......#
###....####..5......
...........'@l5......
##.......###..5......
######### ##.......#
##.....## #...## #+##


You could see a leopard gecko, 2 friendly crimson imps and a friendly shadow
imp.

Vanquished Creatures
  A giant cockroach (D:1)
  3 goblins
  A hobgoblin (D:1)
  2 kobolds (D:1)
  2 bats (D:1)
  A frilled lizard (D:1)
  2 rats (D:1)
12 creatures vanquished.

Vanquished Creatures (collateral kills)
  A worm (D:2)
  A dart slug (D:1)
  3 giant cockroaches (D:1)
  A goblin (D:1)
  A frilled lizard (D:1)
  A kobold (D:1)
  4 rats (D:1)
12 creatures vanquished.

Grand Total: 24 creatures vanquished

Notes
Turn   | Place    | Note
-------+----------+-------------------------------------------
     0 | D:1      | Cqwertzu the Tengu Summoner began the quest for the Orb.
     0 | D:1      | Reached XP level 1. HP: 10/10 MP: 4/4
    13 | D:1      | Reached skill level 5 in Summonings
   431 | D:1      | Reached XP level 2. HP: 10/15 MP: 4/6
   647 | D:1      | Learned a level 2 spell: Call Imp
  1464 | D:2      | Reached XP level 3. HP: 15/19 MP: 1/7
  1470 | D:2      | Slain by a leopard gecko

Skill      XL: |  1 |
---------------+----+-----
Summonings     | 5 |  5.9
Dodging        | |  2.1
Stealth        | |  2.0
Spellcasting   | |  2.0

Action                   || total
-------------------------++-------
Melee: Unarmed           ||    29
       Peck              ||    12
       Kick              ||     9
       Short sword       ||    19
 Cast: Summon Small Mamm ||    11
       Call Imp          ||     7
  Use: Scroll            ||     2
 Stab: Sleeping          ||     1
  Eat: Chunk             ||     2
Armor: Robe              ||     8
Dodge: Dodged            ||    50
